 Dungeon Crawl Stone Soup version 0.18-a0-888-gdb73dea (webtiles) character file.

156 Proton the Shield-Bearer (level 5, -2/42 HPs)
             Began as a Formicid Fighter on Dec 23, 2015.
             Was an Initiate of Okawaru.
             Slain by Grinder (4 damage)
             ... on level 3 of the Dungeon.
             The game lasted 00:03:37 (2525 turns).

Proton the Shield-Bearer (Formicid Fighter)         Turns: 2525, Time: 00:03:37

Health: -2/42      AC:  7    Str: 24    XL:     5   Next: 64%
Magic:  5/5        EV:  9    Int:  8    God:    Okawaru [......]
Gold:   88         SH: 10    Dex: 10    Spells: 0 memorised, 4 levels left

rFire  . . .     SeeInvis +     a - +0 long sword
rCold  . . .     Gourm    .     b - +0 scale mail
rNeg   . . .     Faith    .     c - +0 shield
rPois  .         Spirit   .     (helmet unavailable)
rElec  .         Dismiss  .     (no cloak)
rCorr  .         Reflect  .     (no gloves)
SustAt .         Harm     .     (no boots)
MR     .....                    (no amulet)
Stlth  ..........               (no ring)
                                j - +3 ring of strength

@: not resistant to hostile enchantments, extremely unstealthy
A: permanent stasis, dig shafts and tunnels, four strong arms, antennae 3
a: Dig, Shaft Self, Renounce Religion


You were on level 3 of the Dungeon.
You worshipped Okawaru.
Okawaru was noncommittal.
You were hungry.

You visited 1 branch of the dungeon, and saw 4 of its levels.

You collected 88 gold pieces.

Inventory:

Hand Weapons
 a - a +0 long sword (weapon)
Armour
 b - a +0 scale mail (worn)
 c - a +0 shield (worn)
 y - a +0 pair of gloves
Jewellery
 j - a +3 ring of strength (left hand)
Scrolls
 e - 5 scrolls of teleportation {unknown}
 h - 3 scrolls of identify {unknown}
 k - a scroll of fog {unknown}
 l - a scroll of blinking {unknown}
 m - 3 scrolls of remove curse {unknown}
 p - a scroll of random uselessness {unknown}
 u - a scroll of recharging {unknown}
 x - 3 scrolls of enchant armour {unknown}
Potions
 d - a potion of might
 i - 2 potions of agility {unknown}
 o - a potion of mutation {unknown}
 q - a potion of curing
 r - a potion of lignification {unknown}
 s - 2 potions of degeneration {unknown}
 v - 2 potions of heal wounds {unknown}
 w - a potion of berserk rage {unknown}
 A - a potion of invisibility {unknown}
Comestibles
 f - 3 bread rations
 g - a slice of pizza
 n - a meat ration
 t - 4 fruits


   Skills:
 + Level 4.1 Fighting
 + Level 2.8 Long Blades
 + Level 4.1 Armour
 + Level 1.8 Dodging
 + Level 4.5 Shields


You had 4 spell levels left.
You didn't know any spells.

Dungeon Overview and Level Annotations

Branches:
Dungeon (4/15)
 Temple: D:4-7

Altars:
Okawaru
The Shining One

Annotations:
D:3 Grinder
D:4 krfreak's ghost, amateur MfTm


Innate Abilities, Weirdness & Mutations

You are under a permanent stasis effect.
You can dig through walls and to a lower floor.
Your four strong arms can wield two-handed weapons with a shield.
You have a pair of large antennae on your head (SInv).


Message History

You are too injured to fight recklessly!
You are too injured to fight recklessly!
You are too injured to fight recklessly!
There is a stone staircase leading down here.
Your scale mail prevents you from hitting Grinder.
Grinder is moderately wounded.
Grinder hits you.
You writhe in agony.
* * * LOW HITPOINT WARNING * * *
You closely miss Grinder.
Grinder is moderately wounded.
Grinder barely misses you. Grinder gestures at you.
Pain shoots through your body!
* * * LOW HITPOINT WARNING * * *
You hit Grinder.
Grinder is moderately wounded.
Grinder hits you.
* * * LOW HITPOINT WARNING * * *
You writhe in agony.
You die...

########## #........#
# #########.######.#.#
...............5@..#
####..........###....#
#.....)....# .##....
#..........'...# ...
##+#####...##### #
#...........#.#..$...
###########.#.##....
#...#....# ###.#.[#.


You could see Grinder.

Vanquished Creatures
  A hound (D:4)
  Terence (D:3)
  4 adders
  2 worms
  A giant gecko (D:2)
  2 orcs (D:3)
  A ball python (D:2)
  4 giant cockroaches
  6 hobgoblins
  4 jackals
  A quokka (D:3)
  5 bats
  2 giant newts
  8 goblins
  6 kobolds
  3 rats
51 creatures vanquished.

Notes
Turn   | Place    | Note
--------------------------------------------------------------
     0 | D:1      | Proton the Formicid Fighter began the quest for the Orb.
     0 | D:1      | Reached XP level 1. HP: 18/18 MP: 1/1
    91 | D:1      | Reached XP level 2. HP: 18/24 MP: 2/2
   378 | D:1      | Reached XP level 3. HP: 26/29 MP: 3/3
   776 | D:2      | Reached skill level 1 in Dodging
  1182 | D:2      | Reached skill level 4 in Shields
  1182 | D:2      | Reached XP level 4. HP: 8/37 MP: 4/4
  1451 | D:3      | Noticed Terence
  1467 | D:3      | Killed Terence
  1600 | D:3      | Reached XP level 5. HP: 39/42 MP: 5/5
  1613 | D:3      | Noticed Grinder
  1943 | D:4      | Found an iron altar of Okawaru.
  1948 | D:4      | Became a worshipper of Warmaster Okawaru
  1971 | D:4      | Found a glowing golden altar of the Shining One.
  2048 | D:4      | Noticed krfreak's ghost (amateur MfTm)
  2525 | D:3      | HP: 2/42 [Grinder (1)]
  2525 | D:3      | Slain by Grinder

Vault maps used:
D:1:      minmay_arrival_four_houses
D:3:      old_standard_altar, uniq_terence, uniq_grinder
D:4:      lemuel_doored_altar, first_bread, serial_shops, shop,
          serial_park_tiny_2, minmay_stone_trees_small, tso_metal_star

Action                   |  1- 3 |  4- 6 || total
-------------------------+-------+-------++-------
Melee: Long sword        |   114 |   104 ||   218
  Use: Potion            |       |     1 ||     1
  Eat: Chunk             |       |     5 ||     5
